 Dungeon Crawl Stone Soup version 0.25.0-10-g039870e (webtiles) character file.

Game seed: 888232431467878508

821 Golfball the Ruffian (level 7, 0/72 HPs)
             Began as a Troll Monk on June 23, 2020.
             Slain by a killer bee (9 damage)
             ... on level 8 of the Dungeon.
             The game lasted 00:08:30 (3435 turns).

Golfball the Ruffian (Troll Monk)                   Turns: 3435, Time: 00:08:30

Health: 0/72       AC:  7    Str: 20    XL:     7   Next: 63%
Magic:  6/6        EV: 10    Int:  8    God:
Gold:   239        SH:  0    Dex: 12    Spells: 6/6 levels left

rFire    + . .     SeeInvis .     - Unarmed
rCold    . . .     Gourm    +   (no shield)
rNeg     . . .     Faith    .   a - +1 robe
rPois    .         Spirit   .   (helmet restricted)
rElec    .         Reflect  .   (no cloak)
rCorr    .         Harm     .   (gloves unavailable)
MR       .....                  (boots unavailable)
Stlth    +.........             (no amulet)
HPRegen  0.62/turn              m - ring of protection from fire
MPRegen  0.10/turn              (no ring)

@: confused, lethally poisoned (0 -> -6), stab, hasted, very quick
A: large, unfitting armour, claws 3, fast metabolism 3, gourmand, regeneration
1, shaggy fur 1, tough skin 3
a: no special abilities


You were on level 8 of the Dungeon.
You were completely stuffed.

You visited 2 branches of the dungeon, and saw 8 of its levels.

You collected 239 gold pieces.

Inventory:

Hand Weapons
 g - a +1 whip of venom
 t - a +0 flail
 u - a +0 war axe
 w - a +0 giant spiked club
Armour
 a - a +1 robe (worn)
Jewellery
 m - a ring of protection from fire (left claw)
Scrolls
 c - 3 scrolls of remove curse
 e - 2 scrolls of identify
 f - a scroll of enchant armour
 k - a scroll of magic mapping
 l - 2 scrolls of enchant weapon {unknown}
 o - 2 scrolls of teleportation {unknown}
 q - a scroll of blinking {unknown}
 r - a scroll of amnesia {unknown}
Potions
 j - a potion of curing {unknown}
 n - a potion of magic
 p - a potion of cancellation
 s - a potion of berserk rage {unknown}
 x - a potion of might {unknown}
Comestibles
 b - 10 rations
 v - 8 chunks of flesh


   Skills:
 + Level 5.6 Fighting
 - Level 2.4 Dodging
 - Level 1.0 Stealth
 + Level 6.8 Unarmed Combat


You had 6 spell levels left.
You didn't know any spells.
Your spell library was empty.

Dungeon Overview and Level Annotations

Branches:
Dungeon (8/15)             Temple (1/1) D:4
   Lair: D:8-11

Altars:
Ashenzari
Cheibriados
Fedhas
Nemelex Xobeh
Okawaru
Qazlal
Uskayaw
Vehumet
Xom
Yredelemnul
Zin


Innate Abilities, Weirdness & Mutations

You are too large for most types of armour.
You have claws for hands.
Your metabolism is lightning-fast.
You like to eat raw meat.
Your natural rate of healing is unusually fast.
You are covered in fur. (AC +1)
You have extremely tough skin. (AC +3)


Message History

You feel sick. The killer bee barely misses you. x2
You feel yourself speed up.
You feel sick. The killer bee barely misses you. x2
The crimson imp blinks!
It was a potion of ambrosia.
You are confused.
You feel invigorated.
You feel sick. The killer bee closely misses you.
The killer bee stings you but does no damage.
It was a potion of stabbing.
You feel ready to backstab. The killer bee stings you.
* * * LOW HITPOINT WARNING * * *
You are lethally poisoned!
The killer bee poisons you!
You miss the killer bee.
You feel sick.
The killer bee stings you but does no damage.
You bump into the rock wall.
You feel sick. The killer bee barely misses you.
You bump into the rock wall.
You feel sick. The killer bee stings you.
* * * LOW HITPOINT WARNING * * *
The killer bee stings you!
You die...

. .## ...
#.###### ..#
... #......#
#.# ...
######.# #.#
#.# #......#
#.# #.#
#.###..# #.#
#.#
#.#@#..######
##÷###.#####
#.#y#.......#
...........#
#.#y5.#####.#
##.###.###.#
#.##### #..##÷#
#.# #.#
##.##.###.###.#
#..#.#.......#
##.#)#...#####
#..)#...#


You could see 2 killer bees and a crimson imp.

Vanquished Creatures
  Duvessa (D:5)
  An ogre (D:4)
  A bullfrog (D:3)
  Dowan (D:5)
  A scorpion (D:4)
  2 killer bees (D:8)
  A howler monkey (D:4)
  An orc priest (D:4)
  3 hounds
  An iguana (D:8)
  A worker ant (D:4)
  6 gnolls
  5 adders
  2 oozes
  5 worms
  A dart slug (D:3)
  A leopard gecko (D:3)
  4 orcs
  5 bats
  2 giant cockroaches (D:2)
  6 goblins
  4 hobgoblins
  2 quokkas
  4 frilled lizards
  5 kobolds
  8 rats
74 creatures vanquished.

Notes
Turn   | Place    | Note
-------+----------+-------------------------------------------
     0 | D:1      | Golfball the Troll Monk began the quest for the Orb.
     0 | D:1      | Reached XP level 1. HP: 22/22 MP: 0/0
   241 | D:1      | Reached XP level 2. HP: 29/29 MP: 1/1
   863 | D:2      | Reached XP level 3. HP: 32/37 MP: 2/2
  1508 | D:3      | Reached skill level 4 in Unarmed Combat
  1631 | D:3      | Reached XP level 4. HP: 35/45 MP: 3/3
  1764 | D:3      | Noticed a bullfrog
  1771 | D:3      | Killed a bullfrog
  1771 | D:3      | Reached XP level 5. HP: 52/54 MP: 4/4
  2082 | D:4      | Reached skill level 5 in Unarmed Combat
  2179 | D:4      | Reached XP level 6. HP: 59/63 MP: 5/5
  2256 | D:4      | Found a staircase to the Ecumenical Temple.
  2265 | Temple   | Entered the Ecumenical Temple
  3024 | D:4      | Found a shimmering altar of Xom.
  3024 | D:4      | Found a shattered altar of Ashenzari.
  3072 | D:5      | Entered Level 5 of the Dungeon
  3103 | D:5      | Reached skill level 6 in Unarmed Combat
  3124 | D:5      | Noticed Duvessa
  3124 | D:5      | Noticed Dowan
  3131 | D:5      | Killed Duvessa
  3131 | D:5      | Reached skill level 5 in Fighting
  3131 | D:5      | Reached XP level 7. HP: 63/72 MP: 6/6
  3135 | D:5      | Killed Dowan
  3197 | D:5      | You fall into a shaft and drop 3 floors!
  3435 | D:8      | Slain by a killer bee

Illustrated notes

Levels and vault maps discovered:
D:1:      dpeg_arrival_rhombus, layout_basic
D:2:      layout_loops_cross, serial_bayou_ford_a, minmay_misc_feat_ornament
D:3:      layout_rooms, serial_corexii_hall, chequers_hall_statues_y,
          corexii_hall_statues_s
D:4:      layout_loops_ring, amethyst_overflow_temple_binary,
          minmay_temple_entry_proselytizer
D:5:      layout_loops_ring, first_ration, uniq_duvessa
D:7:      layout_rooms, kennysheep_generic_room_6
D:8:      layout_basic, enter_bailey_6, david_nohive_1, uniq_joseph, uniq_grum,
          uniq_erica
Temple:   grunt_temple_mini_profane

Skill      XL: |  1  2  3  4  5  6 |
---------------+-------------------+-----
Fighting       | 3 4 5 |  5.6
Unarmed Combat | 4 5 6 |  6.8
Dodging        | |  2.4
Stealth        | |  1.0

Action                   |  1- 3 |  4- 6 |  7- 9 || total
-------------------------+-------+-------+-------++-------
Melee: Unarmed           |    94 |    91 |    40 ||   225
       Punch             |     2 |     3 |       ||     5
  Use: Scroll            |     2 |     3 |       ||     5
       Potion            |       |       |     5 ||     5
 Stab: Sleeping          |     4 |     2 |     1 ||     7
       Distracted        |       |     1 |       ||     1
  Eat: Chunk             |    15 |    19 |     3 ||    37
Armor: Robe              |    32 |    26 |    19 ||    77
Dodge: Dodged            |    35 |    30 |    26 ||    91
